 Dungeon Crawl Stone Soup version 0.20.1-1-g8b1a95d (webtiles) character file.

2914 Folque the Destroyer (level 9, -7/61 HPs)
             Began as an Octopode Wizard on Oct 29, 2017.
             Was a Follower of Vehumet.
             Mangled by a yak (14 damage)
             ... on level 8 of the Dungeon.
             The game lasted 01:03:27 (9684 turns).

Folque the Destroyer (Octopode Wizard)              Turns: 9684, Time: 01:03:29

Health: -7/61      AC:  2    Str:  7    XL:     9   Next: 78%
Magic:  14/19      EV: 13    Int: 23    God:    Vehumet [*.....]
Gold:   280        SH:  0    Dex: 13    Spells: 14/22 levels left

rFire    . . .     SeeInvis .   G - +0 trident
rCold    . . .     Gourm    .   (no shield)
rNeg     . . .     Faith    .   a - +1 hat
rPois    .         Spirit   .   (no amulet)
rElec    .         Reflect  .   u - +3 ring of dexterity
rCorr    .         Harm     .   y - ring of flight
MR       .....                  (no ring)
Stlth    +++.......             (no ring)
Regen    0.2/turn               (no ring)
MPRegen  0.2/turn               (no ring)
                                (no ring)
                                (no ring)

@: lethally poisoned (-7 -> -10)
A: almost no armour, stealthy swim, amphibious, 8 rings, constrict 8, camouflage
1, gelatinous body 1
a: Renounce Religion, Evoke Flight


You were on level 8 of the Dungeon.
You worshipped Vehumet.
Vehumet was aware of your devotion.
You were hungry.

You visited 2 branches of the dungeon, and saw 10 of its levels.

You collected 400 gold pieces.
You spent 120 gold pieces at shops.

Inventory:

Hand Weapons
 r - a +0 short sword
 C - a +0 rapier
 G - a +0 trident (weapon)
Missiles
 w - 11 javelins (quivered)
Armour
 a - a +1 hat (worn)
 i - a +0 shield
Jewellery
 u - a +3 ring of dexterity (left tentacle)
 y - a ring of flight (right tentacle)
Wands
 l - a wand of disintegration (1/24)
 H - a wand of digging (9/24)
 L - a wand of scattershot (6/9)
Scrolls
 f - a scroll of magic mapping
 h - a scroll of fog
 o - 2 scrolls of noise
 q - 3 scrolls of remove curse
 x - 3 scrolls of identify
 B - a scroll of enchant armour
Potions
 e - 2 potions of mutation
 j - a potion of ambrosia {unknown}
 k - a potion of flight {unknown}
 m - a potion of magic {unknown}
 p - a potion of agility {unknown}
 s - 2 potions of invisibility {unknown}
 t - 2 potions of heal wounds
 v - a potion of curing
 z - a potion of degeneration {unknown}
 D - 2 potions of might
 E - a potion of resistance {unknown}
 F - a potion of cancellation {unknown}
 I - a potion of haste {unknown}
Books
 b - a book of Minor Magic

   Spells                             Type                      Level
   a - Magic Dart                     Conjuration                  1
   b - Blink                          Translocation                2
   c - Call Imp                       Summoning                    2
   d - Slow                           Hexes                        2
   e - Conjure Flame                  Conjuration/Fire             3
   f - Mephitic Cloud                 Conjuration/Poison/Air       3
Comestibles
 c - 8 bread rations
 d - a meat ration
 n - 6 fruits
 A - 3 royal jellies


   Skills:
 + Level 5.3 Fighting
 - Level 2.0 Dodging
 - Level 2.8 Stealth
 + Level 7.1 Spellcasting
 * Level 9.0 Conjurations
 - Level 2.2 Summonings
 - Level 1.0 Translocations
 - Level 3.5 Poison Magic


You had 14 spell levels left.
You knew the following spells:

 Your Spells              Type           Power        Failure   Level  Hunger
a - Magic Dart            Conj           ####         1%          1    None
b - Call Imp              Summ           ###.....     4%          2    None
c - Blink                 Tloc           N/A          8%          2    None
d - Mephitic Cloud        Conj/Pois/Air  ####....     4%          3    None


Dungeon Overview and Level Annotations

Branches:
Dungeon (9/15)             Temple (1/1) D:5
   Lair: D:8-11         Orc: D:9-12

Altars:
Ashenzari
Cheibriados
Dithmenos
Elyvilon
Fedhas
Gozag
Hepliaklqana
Kikubaaqudgha
Makhleb
Okawaru
Qazlal
Ru
Sif Muna
Trog
Uskayaw
Vehumet
Xom
Yredelemnul
Zin
The Shining One

Shops:
D:5 !

Annotations:
D:8 1 exclusion


Innate Abilities, Weirdness & Mutations

You cannot wear most types of armour.
You are very stealthy in the water. (Stealth+)
You are amphibious.
You can wear up to eight rings at the same time.
You can use your tentacles to constrict eight enemies at once.
Your skin changes colour to match your surroundings (Stealth+).
Your rubbery body absorbs attacks. (AC +1, EV +1)


Message History

The killer bee misses you.
There is an open door here.
The killer bee misses you. The killer bee stings you.
* * * LOW HITPOINT WARNING * * *
The killer bee closely misses you. The killer bee stings you.
* * * LOW HITPOINT WARNING * * *
The killer bee closely misses you. The killer bee completely misses you.
You open the door.
The yak bellows!
The killer bee misses you. The killer bee stings you.
* * * LOW HITPOINT WARNING * * *
You are poisoned.
The killer bee poisons you! The killer bee barely misses you. x2
Casting: Call Imp
Confirm with . or Enter, or press ? or * to list all spells.
You blink.
The yak bellows! x3
You feel sick. The yak closely misses you. The yak misses you.
The yak gores you!
You die...

..# #.#####..%......§######## ..#
#.# ####.#####y..yy...# ......#
#.# ########.# ##.#### #.# #.# .#
##'# #y# .# ##...## #.# .# #
##.....## ####y# .#.##
##....YY.## ##.##.#
##....####.....Y@..####...#.#####
(........'......Y..'............#
##....#.##.....Yy..####.........#
##.#.##.###...yyyy## ##.#####..#
# .####.# ##.....## #.# #..# #
..# #.# ##..§## #.# #..# # #.#
#.# ##'## #.# #..# # #.# #.# #.#
#.#####..# ###.###.# #.#
#.......##


You could see 5 yaks and 5 killer bees.

Vanquished Creatures
  Erica (D:8)
  A spriggan (D:7)
  A hungry ghost (D:7)
  A water moccasin (D:4)
  2 orc warriors (D:6)
  A sky beast (D:8)
  2 black bears
  An ogre (D:4)
  A centaur (D:6)
  3 bullfrogs
  A killer bee (D:8)
  A bullfrog zombie (D:5)
  3 crimson imps
  A hound (D:6)
  6 orc priests
  4 orc wizards
  A bullfrog skeleton (D:8)
  Terence (D:3)
  An iguana (D:8)
  3 worker ants
  A hound skeleton (D:4)
  12 adders
  2 shadow imps (D:6)
  An ooze (D:5)
  An adder zombie (D:6)
  A worm (D:2)
  A dart slug (D:1)
  4 leopard geckos
  21 orcs
  2 ball pythons
  6 bats
  5 giant cockroaches
  6 hobgoblins
  3 jackals
  3 quokkas
  6 frilled lizards
  A giant cockroach zombie (D:5)
  3 goblins
  6 kobolds
  A quokka skeleton (D:6)
  15 rats
137 creatures vanquished.

Vanquished Creatures (collateral kills)
  3 ogres
  2 scorpions (D:6)
  4 orc priests
  An orc wizard (D:6)
  A bullfrog skeleton (D:5)
  A worker ant (D:4)
  5 adders
  A worm (D:2)
  3 leopard geckos
  10 orcs
  A bat (D:1)
  A giant cockroach (D:1)
  2 goblins
  2 hobgoblins (D:2)
  2 jackals (D:3)
  2 kobolds
  A ball python (D:4)
  A frilled lizard (D:3)
  3 rats
46 creatures vanquished.

Grand Total: 183 creatures vanquished

Notes
Turn   | Place    | Note
-------+----------+-------------------------------------------
     0 | D:1      | Folque the Octopode Wizard began the quest for the Orb.
     0 | D:1      | Reached XP level 1. HP: 11/11 MP: 4/4
   406 | D:1      | Reached XP level 2. HP: 1/17 MP: 0/6
   726 | D:1      | Learned a level 2 spell: Call Imp
   729 | D:1      | Learned a level 2 spell: Blink
  1042 | D:1      | Reached skill level 1 in Fighting
  1301 | D:2      | Reached XP level 3. HP: 23/23 MP: 0/8
  1853 | D:2      | Reached XP level 4. HP: 29/30 MP: 9/9
  1936 | D:3      | Learned a level 3 spell: Mephitic Cloud
  2055 | D:3      | Reached skill level 1 in Poison Magic
  2397 | D:3      | Found a burning altar of Makhleb.
  2397 | D:3      | Noticed a balrug
  2401 | D:3      | Noticed a hellwing
  2401 | D:3      | Noticed a neqoxec
  2498 | D:3      | Noticed Terence
  2519 | D:3      | Killed Terence
  2519 | D:3      | Reached XP level 5. HP: 36/36 MP: 4/11
  3347 | D:4      | Noticed an ogre
  3363 | D:4      | Killed an ogre
  3363 | D:4      | Reached skill level 2 in Conjurations
  3454 | D:4      | Reached XP level 6. HP: 42/42 MP: 8/12
  3543 | D:4      | Noticed a water moccasin
  3577 | D:4      | Killed a water moccasin
  3577 | D:4      | Reached skill level 3 in Conjurations
  4548 | D:5      | Entered Level 5 of the Dungeon
  4691 | D:5      | Noticed a black bear
  4705 | D:5      | Killed a black bear
  4705 | D:5      | Reached XP level 7. HP: 15/46 MP: 1/14
  4963 | D:5      | Found a shattered altar of Ashenzari.
  5024 | D:5      | Found Kas Ute's Distillery.
  5032 | D:5      | Bought a potion of heal wounds for 60 gold pieces
  5032 | D:5      | Bought a potion of heal wounds for 60 gold pieces
  5322 | D:5      | Reached skill level 5 in Spellcasting
  5441 | D:5      | Reached skill level 4 in Conjurations
  5627 | D:5      | Found a snail-covered altar of Cheibriados.
  5800 | D:5      | Found a staircase to the Ecumenical Temple.
  5808 | Temple   | Entered the Ecumenical Temple
  5971 | Temple   | Became a worshipper of Vehumet
  6109 | D:6      | Reached XP level 8. HP: 33/52 MP: 9/16
  6279 | D:6      | Reached skill level 5 in Conjurations
  6330 | D:6      | Found a shimmering altar of Xom.
  7142 | D:6      | Reached skill level 6 in Conjurations
  7258 | D:6      | Reached * piety under Vehumet
  7258 | D:6      | Offered knowledge of Sandblast by Vehumet.
  7618 | D:7      | Found a sacrificial altar of Ru.
  7991 | D:7      | Reached skill level 7 in Conjurations
  8071 | D:6      | Reached XP level 9. HP: 49/58 MP: 7/18
  8573 | D:8      | Noticed Erica
  8776 | D:8      | Killed Erica
  8776 | D:8      | Reached skill level 5 in Fighting
  8776 | D:8      | Reached skill level 8 in Conjurations
  9625 | D:8      | Reached skill level 9 in Conjurations
  9684 | D:8      | Mangled by a yak

Skill      XL: |  1  2  3  4  5  6  7  8  9 |
---------------+----------------------------+-----
Fighting       | 1 2 3 5 |  5.3
Poison Magic   | 1 2 3 |  3.5
Spellcasting   | 4 5 6 7 |  7.1
Conjurations   | 2 3 4 7 9 |  9.0
Summonings     | 2 |  2.2
Dodging        | |  2.0
Stealth        | |  2.8
Translocations | |  1.0

Action                   |  1- 3 |  4- 6 |  7- 9 || total
-------------------------+-------+-------+-------++-------
Melee: Unarmed           |    27 |       |       ||    27
       Constrict         |    17 |    22 |    35 ||    74
       Tentacles         |     3 |    10 |    22 ||    35
       Club              |    16 |       |       ||    16
       Dagger            |    18 |       |       ||    18
       Short sword       |       |    49 |       ||    49
       Rapier            |       |    22 |    64 ||    86
       Trident           |       |       |    90 ||    90
Throw: Javelin           |       |     2 |     5 ||     7
 Cast: Magic Dart        |    27 |    40 |   149 ||   216
       Call Imp          |    14 |    31 |    41 ||    86
       Mephitic Cloud    |       |     9 |    22 ||    31
       Blink             |       |     4 |     7 ||    11
Evoke: Wand              |       |       |     4 ||     4
  Use: Scroll            |       |    14 |     5 ||    19
       Potion            |       |       |     2 ||     2
 Stab: Sleeping          |     9 |     4 |     4 ||    17
       Distracted        |     1 |       |       ||     1
       Confused          |       |     1 |     3 ||     4
  Eat: Chunk             |     3 |     9 |    15 ||    27
       Fruit             |       |     1 |     2 ||     3
Armor: Skin              |     3 |    10 |    14 ||    27
Dodge: Dodged            |    29 |    53 |   129 ||   211
